 Dungeon Crawl Stone Soup version 0.22.1-2-g9c5b331 (webtiles) character file.

46 Fang the Skirmisher (level 3, -1/24 HPs)
             Began as a Gargoyle Berserker on Dec 17, 2018.
             Was a Believer of Trog.
             Shot with a sling bullet by a goblin (2 damage)
             ... on level 2 of the Dungeon.
             The game lasted 00:00:57 (998 turns).

Fang the Skirmisher (Gargoyle Berserker)             Turns: 998, Time: 00:00:57

Health: -1/24      AC:  5    Str: 21    XL:     3   Next: 66%
Magic:  3/3        EV: 12    Int:  7    God:    Trog [**....]
Gold:   108        SH:  0    Dex:  9    Spells: 2/2 levels left

rFire    . . .     SeeInvis .   a - +0 hand axe
rCold    . . .     Gourm    .   (no shield)
rNeg     + . .     Faith    .   b - +0 animal skin
rPois    ∞         Spirit   .   (no helmet)
rElec    +         Reflect  .   (no cloak)
rCorr    .         Harm     .   (no gloves)
MR       .....     Rnd*Tele +   (no boots)
Stlth    +.........             (no amulet)
HPRegen  0.08/turn              g - ring of teleportation (curse)
MPRegen  0.08/turn              (no ring)

@: no status effects
A: negative energy resistance 1, electricity resistance, unbreathing,
petrification resistance, rot immunity, AC +3
a: Berserk, Trog's Hand, Renounce Religion


You were on level 2 of the Dungeon.
You worshipped Trog.
Trog was pleased with you.
You were not hungry.

You visited 1 branch of the dungeon, and saw 2 of its levels.

You collected 108 gold pieces.

Inventory:

Hand Weapons
 a - a +0 hand axe (weapon)
Armour
 b - a +0 animal skin (worn)
Jewellery
 g - a cursed ring of teleportation (left hand)
Scrolls
 d - a scroll of noise {unknown}
 e - a scroll of immolation {unknown}
 f - a scroll of teleportation {unknown}
 i - 2 scrolls of remove curse {unknown}
 j - a scroll of fog {unknown}
 l - a scroll of enchant weapon {unknown}
Potions
 h - 2 potions of heal wounds {unknown}
 k - a potion of might {unknown}
Comestibles
 c - 3 rations
 m - a chunk of flesh


   Skills:
 + Level 3.9 Fighting
 + Level 3.3 Axes
 + Level 2.3 Armour
 + Level 2.0 Dodging
 + Level 0.1 Stealth


You had 2 spell levels left.
You didn't know any spells.
Your spell library was empty.

Dungeon Overview and Level Annotations

Branches:
Dungeon (2/15)

Altars:


Innate Abilities, Weirdness & Mutations

You are resistant to torment.
Your stone body is resilient. (AC +3)
You are immune to poison.
You resist negative energy. (rN+)
You are resistant to electric shocks. (rElec)
You can survive without breathing.
You are immune to petrification.
You are immune to rotting.


Message History

The worm misses you.
The goblin shoots a sling bullet.
The sling bullet hits you.
* * * LOW HITPOINT WARNING * * *
You are too injured to fight recklessly!
You are too injured to fight recklessly!
You are too injured to fight recklessly!
You are too injured to fight recklessly!
You are too injured to fight recklessly!
You are too injured to fight recklessly!
You are too injured to fight recklessly!
You are too injured to fight recklessly!
You are too injured to fight recklessly!
You are too injured to fight recklessly!
You are too injured to fight recklessly!
You are too injured to fight recklessly!
You barely miss the worm.
The worm is heavily wounded.
The goblin shoots a sling bullet.
The sling bullet hits you.
* * * LOW HITPOINT WARNING * * *
You die...

#.# ...
#.## ....#
#<..#
#.#.#
#w#.#
#@#.#
#.#.#
#.#.###.##
#.g.......
###.###g##
.[. .###
.. ##


You could see a worm and a goblin.

Vanquished Creatures
  A worm (D:2)
  2 dart slugs (D:1)
  3 leopard geckos (D:1)
  A giant cockroach (D:1)
  7 goblins
  6 hobgoblins
  3 bats (D:1)
  3 frilled lizards (D:1)
  8 rats
34 creatures vanquished.

Notes
Turn   | Place    | Note
-------+----------+-------------------------------------------
     0 | D:1      | Fang the Gargoyle Berserker began the quest for the Orb.
     0 | D:1      | Reached XP level 1. HP: 14/14 MP: 1/1
   273 | D:1      | Reached XP level 2. HP: 17/19 MP: 2/2
   581 | D:1      | Reached XP level 3. HP: 15/24 MP: 3/3
   876 | D:2      | Reached ** piety under Trog
   998 | D:2      | HP: 1/24 [goblin/sling bullet (6)]
   998 | D:2      | Shot with a sling bullet by a goblin

Skill      XL: |  1  2  3 |
---------------+----------+-----
Axes           | 3 |  3.3
Dodging        | 2 |  2.0
Fighting       | |  3.9
Armour         | |  2.3
Stealth        | |  0.1

Action                   || total
-------------------------++-------
Melee: Hand axe          ||   102
Invok: Berserk           ||     2
 Stab: Sleeping          ||     1
  Eat: Chunk             ||     2
Armor: Animal skin       ||    48
Dodge: Dodged            ||    80
